AoeStats
← tyco170

Black Forest

510428273Analyzed
4v4 RM · 24h ago on Oct 1, 2026· 54m 39s· 8 players
Game mode
Random Map
Map size
Large (8 player)
Population
200
Speed
Normal
Resources
Standard
Victory
Conquest
Starting age
Dark Age
Ending age
Imperial Age
RankedLock teamsTeams togetherTeam positionsShared explorationLock speedFull tech treeHidden civsTurbo modeCheats
Victory
Defeat
🇨🇦 Spanish · Canada
1007
+17
🇺🇸 Khmer · United States
999
+17
🇲🇽 Hindustanis · Mexico
997
+17
🇵🇪 Persians · Peru
995
+17
🇵🇪 Slavs · Peru
1082
-20
🇨🇦 Bulgarians · Canada
1075
-19
🇨🇦 Goths · Canada
1029
-17
🇳🇿 Poles · New Zealand
903
-12
614Superdry
9:57 Loom
12:30 Feudal Age
14:10 Horse Collar
18:39 Castle Age
16:47 Double-Bit Axe
17:17 Stone Mining
18:07 Gold Mining
20:22 Fletching
20:33 Padded Archer Armor
22:39 Bodkin Arrow
22:59 Leather Archer Armor
31:32 Heavy Plow
34:50 Husbandry
35:00 Bloodlines
35:05 Light Cavalry
39:18 Imperial Age
37:34 Wheelbarrow
38:11 Forging
38:07 Scale Barding Armor
38:42 Ballistics
40:05 Iron Casting
40:53 Conscription
40:52 Hussar
42:41 Chemistry
42:21 Elite Conquistador
52:14 Bracer
wiroo99
0:27 Loom
13:18 Feudal Age
18:36 Bloodlines
23:44 Castle Age
23:30 Double-Bit Axe
25:42 Wheelbarrow
34:08 Horse Collar
36:18 Kamandaran
37:07 Crossbowman
45:17 Hand Cart
tequilamockingbird
2:08 Loom
13:33 Feudal Age
18:39 Castle Age
19:24 Double-Bit Axe
25:45 Horse Collar
27:48 Tusk Swords
29:30 Wheelbarrow
30:22 Scale Barding Armor
30:27 Forging
31:04 Bow Saw
31:50 Heavy Plow
32:35 Iron Casting
32:27 Gold Mining
33:54 Hand Cart
34:06 Caravan
34:34 Chain Barding Armor
38:59 Imperial Age
36:44 Fletching
37:29 Bodkin Arrow
37:42 Husbandry
37:54 Bloodlines
39:22 Town Watch
40:41 Blast Furnace
40:21 Plate Barding Armor
40:22 Conscription
40:08 Double Crossbow
40:27 Elite Ballista Elephant
41:49 Bracer
46:19 Elite Battle Elephant
danny dillinger
1:19 Loom
13:19 Feudal Age
22:33 Castle Age
21:24 Arson
21:33 Horse Collar
23:51 Fletching
26:30 Man-at-Arms
32:10 Long Swordsman
33:00 Caravan
33:55 Bodkin Arrow
38:55 Imperial Age
36:53 Ballistics
36:52 Forging
36:43 Scale Mail Armor
38:18 Devotion
38:33 Double-Bit Axe
39:28 Grand Trunk Road
41:05 Chemistry
40:43 Gold Mining
40:45 Stone Mining
44:32 Shatagni
44:54 Conscription
45:10 Bow Saw
46:00 Iron Casting
45:42 Chain Mail Armor
45:54 Town Watch
48:08 Two-Man Saw
47:56 Fervor
49:49 Thumb Ring
52:29 Wheelbarrow
51:57 Town Patrol
52:58 Padded Archer Armor
53:58 Blast Furnace
52:56 Guard Tower
54:14 Elite Skirmisher
54:14 Crossbowman
55:00 Bracer
55:25 Leather Archer Armor
55:16 Scale Barding Armor
trashypanda
1:05 Loom
11:39 Feudal Age
15:38 Castle Age
13:41 Double-Bit Axe
16:39 Bow Saw
16:34 Horse Collar
25:15 Wheelbarrow
27:14 Hand Cart
27:27 Gold Mining
27:27 Stone Mining
28:51 Heavy Plow
32:38 Imperial Age
30:12 Anarchy
30:43 Scale Mail Armor
30:53 Forging
30:46 Squires
32:20 Chain Mail Armor
32:40 Iron Casting
31:45 Pikeman
33:37 Perfusion
32:57 Elite Huskarl
34:40 Blast Furnace
33:02 Halberdier
43:03 Fletching
44:59 Onager
46:14 Ballistics
46:55 Chemistry
51:24 Bodkin Arrow
51:27 Murder Holes
51:42 Masonry
52:50 Two-Man Saw
52:23 Crop Rotation
NZAPOC
1:13 Loom
16:48 Feudal Age
30:59 Castle Age
36:46 Wheelbarrow
35:52 Horse Collar
37:47 Double-Bit Axe
38:05 Heavy Plow
39:14 Husbandry
39:24 Bloodlines
38:35 Light Cavalry
39:28 Forging
39:23 Scale Barding Armor
39:21 Squires
39:06 Arson
38:42 Pikeman
39:27 Scale Mail Armor
41:06 Iron Casting
40:53 Chain Barding Armor
40:50 Chain Mail Armor
40:25 Town Watch
41:10 Bow Saw
42:23 Fortified Wall
42:35 Ballistics
41:55 Treadmill Crane
43:01 Hand Cart
44:40 Town Patrol
45:58 Murder Holes
MACS-X
0:43 Loom
tyco170
0:44 Loom
1:09 Loom
15:05 Feudal Age
15:43 Horse Collar
16:19 Double-Bit Axe
17:23 Scale Mail Armor
17:34 Forging
18:16 Fletching
18:29 Arson
19:50 Town Watch
21:16 Wheelbarrow
23:38 Castle Age
21:59 Gold Mining
21:59 Stone Mining
25:51 Bow Saw
27:27 Bodkin Arrow
30:12 Elite Skirmisher
30:57 Thumb Ring
31:41 Padded Archer Armor
32:16 Heavy Plow
32:39 Leather Archer Armor
35:34 Iron Casting
35:15 Chain Mail Armor
35:59 Gambesons
36:19 Squires
36:53 Hand Cart
36:41 Town Patrol
41:04 Gold Shaft Mining
40:19 Stone Mining
46:29 Imperial Age
44:21 Ballistics
45:19 Masonry
45:22 Stirrups
45:56 Scale Barding Armor
47:43 Bracer
48:14 Plate Mail Armor
48:24 Conscription
49:31 Pikeman
51:12 Blast Furnace
50:38 Bagains
Connection lost

Rejoining the realm…

Still unreachable

The connection could not be restored.

Session expired

The server has moved on; the page needs a fresh start.